 Dungeon Crawl Stone Soup version 0.27-a0-1140-g099f9bb0e8 (webtiles) character file.

Game seed: 5924249713376002721

190937 Froggeryz the Wrestler (level 19, 0/157 HPs)
             Began as a Human Wanderer on May 10, 2021.
             Was the Champion of Okawaru.
             Slain by a merfolk
             ... wielding a +0 trident
              (7 damage)
             ... on level 3 of the Shoals.
             The game lasted 01:06:15 (41733 turns).

Froggeryz the Wrestler (Human Wanderer)            Turns: 41733, Time: 01:06:16

Health: 0/157      AC: 24    Str: 29    XL:     19   Next: 34%
Magic:  22/22      EV: 12    Int: 17    God:    Okawaru [******]
Gold:   2017       SH:  0    Dex: 22    Spells: 18/18 levels left

rFire    . . .     SeeInvis .     - Unarmed
rCold    + . .     Faith    .   j - +5 buckler of Hedging {rC+}
rNeg     . . .     Spirit   .   M - +1 plate armour of the Guilds {rCorr Dex+4}
rPois    +         Reflect  .   d - +0 helmet
rElec    .         Harm     .   e - +2 cloak of Circular Logic {Will+ Str+4 Dex+7}
rCorr    +         Rampage  .   S - +2 pair of gloves
Will     ++...                  U - +1 pair of boots "Biggegye" {Str+4 Int+3}
Stlth    ..........             T - amulet of regeneration
HPRegen  1.36/turn              h - ring of flight
MPRegen  0.18/turn              F - ring of poison resistance

@: confused, ambrosia-drunk, engulfed (cannot breathe), flying, mesmerised,
studying Transmutations
A: no striking features
a: Renounce Religion, Heroism, Finesse


You were on level 3 of the Shoals.
You worshipped Okawaru.
Okawaru was exalted by your worship.
You visited 6 branches of the dungeon, and saw 31 of its levels.

You collected 4253 gold pieces.
You spent 2236 gold pieces at shops.

Inventory:

Hand Weapons
 W - the +10 hunting sling of Fundamental Breach {flame, Will++ Dex+3}
   (Okawaru gifted it to you on level 4 of the Snake Pit)

   It causes projectiles fired from it to burn those they strike, causing extra
   injury to most foes and up to half again as much damage against particularly
   susceptible opponents.
   It affects your dexterity (+3).
   It greatly increases your willpower.
Missiles
 m - 18 curare-tipped darts
 t - 5 atropa-tipped darts
 H - a throwing net
 N - 13 silver javelins (quivered)
Armour
 d - a +0 helmet (worn)
 e - the +2 cloak of Circular Logic (worn) {Will+ Str+4 Dex+7}
   (You bought it in a shop on level 2 of the Orcish Mines)

   It affects your strength (+4).
   It affects your dexterity (+7).
   It increases your willpower.
 j - the +5 buckler of Hedging (worn) {rC+}
   (You found it on level 4 of the Dungeon)

   It protects you from cold.
 z - a +0 crystal plate armour
 M - the +1 plate armour of the Guilds (worn) {rCorr Dex+4}
   (Okawaru gifted it to you on level 4 of the Lair of Beasts)

   It affects your dexterity (+4).
   It protects you from acid and corrosion.
 S - a +2 pair of gloves (worn)
 U - the +1 pair of boots "Biggegye" (worn) {Str+4 Int+3}
   (Okawaru gifted it to you on level 1 of the Orcish Mines)

   It affects your strength (+4).
   It affects your intelligence (+3).
Jewellery
 h - a ring of flight (left hand)
 C - a ring of ice
 F - a ring of poison resistance (right hand)
 P - a ring of protection from cold
 T - an amulet of regeneration (around neck)
 X - a ring of see invisible
Wands
 a - a wand of flame (41)
 u - a wand of acid (10)
 B - a wand of charming (7)
 E - a wand of polymorph (6)
 G - a wand of digging (15)
 I - a wand of paralysis (29)
 O - a wand of iceblast (11)
Scrolls
 b - 3 scrolls of summoning
 c - 4 scrolls of fog
 l - 6 scrolls of blinking
 o - 8 scrolls of teleportation
 p - 2 scrolls of magic mapping
 s - 3 scrolls of immolation
 w - 10 scrolls of enchant armour
 y - a scroll of holy word
 D - a scroll of silence
 K - 3 scrolls of fear
 L - a scroll of enchant weapon
 R - 8 scrolls of identify
Potions
 f - 9 potions of curing
 g - 2 potions of berserk rage
 i - a potion of ambrosia
 k - 3 potions of brilliance
 q - 5 potions of lignification
 r - 4 potions of haste
 v - 3 potions of magic
 x - 4 potions of might
 A - 2 potions of flight
 J - 2 potions of invisibility
Miscellaneous
 Q - a phantom mirror (inert)
 V - a condenser vane


   Skills:
 + Level 15.7 Fighting
 - Level 7.0 Throwing
 + Level 7.0 Armour
 - Level 7.4 Dodging
 + Level 11.2 Shields
 - Level 22.0 Unarmed Combat
 - Level 5.0 Invocations
 - Level 1.0 Evocations


You had 18 spell levels left.
You didn't know any spells.
Your spell library contained the following spells:

 Spells                   Type           Power      Damage    Failure   Level
 Animate Skeleton         Necr           0%         N/A       91%         1
 Foxfire                  Conj/Fire      0%         2x1d4     91%         1
 Magic Dart               Conj           0%         1d3       91%         1
 Pain                     Necr           0%         1d4       91%         1
 Summon Small Mammal      Summ           0%         N/A       91%         1
 Blink                    Tloc           N/A        N/A       97%         2
 Call Imp                 Summ           0%         N/A       97%         2
 Slow                     Hex            0%         N/A       97%         2
 Sublimation of Blood     Necr           0%         N/A       97%         2
 Call Canine Familiar     Summ           0%         N/A       99%         3
 Confusing Touch          Hex            0%         N/A       99%         3
 Conjure Flame            Conj/Fire      0%         6-21      99%         3
 Gell's Gravitas          Tloc           0%         N/A       99%         3
 Inner Flame              Hex/Fire       0%         N/A       99%         3
 Mephitic Cloud           Conj/Pois/Air  0%         N/A       99%         3
 Summon Guardian Golem    Hex/Summ       0%         N/A       99%         3
 Vampiric Draining        Necr           0%         2d6       99%         3
 Airstrike                Air            0%         N/A       100%        4
 Animate Dead             Necr           0%         N/A       100%        4
 Cause Fear               Hex            0%         N/A       100%        4
 Passage of Golubria      Tloc           N/A        N/A       100%        4
 Petrify                  Tmut/Erth      0%         N/A       100%        4
 Sticky Flame             Conj/Fire      0%         2d3       100%        4
 Summon Ice Beast         Ice/Summ       0%         N/A       100%        4
 Summon Lightning Spire   Summ/Air       0%         N/A       100%        4
 Agony                    Necr           0%         N/A       100%        5
 Fireball                 Conj/Fire      0%         3d3       100%        5
 Metabolic Englaciation   Hex/Ice        0%         N/A       100%        5
 Yara's Violent Unravell  Hex/Tmut       0%         3d3       100%        5
 Death Channel            Necr           0%         N/A       100%        6
 Freezing Cloud           Conj/Ice/Air   0%         6-21      100%        6


Dungeon Overview and Level Annotations

Branches:
Dungeon (15/15)            Temple (1/1) D:5            Lair (6/6) D:10
 Shoals (3/4) Lair:2        Snake (4/4) Lair:3        Slime (0/5) Lair:5
    Orc (2/2) D:11            Elf (0/3) Orc:2        Vaults (0/5) D:14
 Depths: D:15

Altars:
Ashenzari
Cheibriados
Dithmenos
Elyvilon
Fedhas
Gozag
Hepliaklqana
Kikubaaqudgha
Makhleb
Nemelex Xobeh
Okawaru
Qazlal
Ru
Sif Muna
Trog
Uskayaw
Vehumet
Wu Jian
Xom
Yredelemnul
Zin
The Shining One
Beogh
Jiyva

Shops:
D:3 :   D:7 (   D:11 *   Orc:2 [*=(   Shoals:1 *   Snake:1 *(

Annotations:
D:7 2 runed translucent doors, onwiheg's ghost, novice MfFi
D:15 Roxanne
Lair:2 1 runed translucent door, Ymeruj's ghost, journeyman MiBe
Lair:5 2 runed translucent doors, Ziklum's ghost, journeyman HaBe
Shoals:3 Ilsuiw
Snake:4 Mara


Message History

* * * LOW HITPOINT WARNING * * *
Your lungs strain for air!
The merfolk siren chants its luring song.
The merfolk hits you from afar with a +0 trident!
* * * LOW HITPOINT WARNING * * *
The water elemental hits you. You block the water elemental's attack.
The merfolk siren chants its luring song.
You block the merfolk impaler's attack. You block the manticore's attack.
The manticore claws you.
* * * LOW HITPOINT WARNING * * *
You block the manticore's attack.
You cannot read scrolls while unable to breathe!
Okay, then.
Okay, then.
Okay, then.
You cannot read scrolls while unable to breathe!
You are confused.
You feel invigorated.
* * * LOW HITPOINT WARNING * * *
Your lungs strain for air!
The merfolk siren chants its luring song.
The merfolk impaler hits you but does no damage.
The merfolk closely misses you. The water elemental hits you.
The water elemental barely misses you.
The merfolk siren chants its luring song.
The manticore bites you.
* * * LOW HITPOINT WARNING * * *
The manticore claws you but does no damage.
The manticore misses you.
The merfolk impaler hits you from afar with a +0 trident.
* * * LOW HITPOINT WARNING * * *
Unknown command.
Unknown command.
You hit the manticore.
The manticore is lightly wounded.
* * * LOW HITPOINT WARNING * * *
Your lungs strain for air!
The merfolk siren chants its luring song.
The merfolk hits you from afar with a +0 trident!
You die...

≈≈≈≈≈≈≈≈..##
≈≈≈≈≈≈≈≈≈≈≈..#
≈≈≈≈≈≈≈≈≈≈≈≈.#
≈≈≈≈≈≈≈≈≈≈≈≈.# ..
≈≈≈≈≈≈≈≈≈≈≈≈.##...
≈≈≈≈≈≈≈≈≈≈≈≈≈......
≈≈≈≈≈≈≈≈≈m≈≈≈≈≈....
≈≈≈≈≈≈≈EE≈≈≈≈≈≈≈≈≈.
≈≈≈≈≈≈≈≈@≈≈≈≈≈≈≈≈≈≈
≈≈≈≈≈≈≈≈H≈≈≈≈≈≈≈$≈≈
≈≈≈≈≈≈mmm≈≈≈≈≈≈≈≈≈≈
≈≈≈≈≈≈≈≈≈≈≈≈≈≈≈≈≈≈≈
≈≈≈≈≈≈≈≈≈≈≈≈≈≈≈≈≈≈
≈≈≈≈≈≈.....≈≈≈≈≈≈≈
≈≈≈≈≈.........≈≈≈
≈≈≈≈...........≈


You could see a merfolk impaler, a merfolk, a manticore, 2 water elementals and
2 merfolk sirens.

Vanquished Creatures
  Rupert (D:12)
  Jorgrun (D:13)
  Asterion (Snake:1)
  A storm dragon (D:12)
  Aizul (Snake:3)
  An orc warlord (Orc:1)
  Nessos (Orc:2)
  Azrael (Snake:1)
  A merfolk javelineer (Shoals:1)
  A fire dragon (D:14)
  Snorg (D:14)
  A merfolk impaler (Shoals:2)
  A rakshasa (D:15)
  Erolcha (D:13)
  9 naga warriors
  A salamander tyrant (Snake:3)
  11 hydras
  3 merfolk avatars
  3 catoblepae
  6 boulder beetles
  A death knight (D:12)
  10 two-headed ogres
  7 centaur warriors
  10 anacondas
  A deep troll earth mage (D:12)
  8 death yaks
  A deep troll shaman (Lair:6)
  2 orc high priests
  Urug (D:11)
  4 naga sharpshooters
  4 shock serpents
  Sonja (Orc:1)
  7 sea snakes
  2 salamander mystics
  A fire crab (Lair:5)
  6 skeletal warriors
  A death drake (shapeshifter) (D:12)
  A wizard (D:15)
  A swamp dragon (Lair:4)
  A flayed ghost (D:12)
  7 naga ritualists
  6 harpies (Shoals:2)
  6 orc knights
  4 lindwurms
  A harpy (shapeshifter) (D:14)
  2 oklob plants (Shoals:1)
  A phantasmal warrior (D:12)
  An orb spider (shapeshifter) (D:12)
  4 orc sorcerers
  17 ugly things
  14 salamanders
  2 cyclopes
  10 mana vipers
  11 manticores
  3 fauns (Shoals:1)
  13 elephants
  2 water nymphs (Shoals:1)
  8 merfolk sirens
  13 naga magi
  7 torpor snails
  4 guardian serpents (Snake:3)
  41 black mambas
  4 gargoyles
  5 rime drakes
  An efreet (D:14)
  16 cane toads
  A demonic crawler (Lair:2)
  7 komodo dragons
  2 freezing wraiths
  8 trolls
  2 polar bears
  A wind drake (shapeshifter) (D:13)
  4 wind drakes (Shoals:1)
  8 merfolk
  A hornet (shapeshifter) (D:12)
  A jumping spider (shapeshifter) (D:14)
  3 meliai (D:15)
  12 slime creatures
  12 dream sheep
  26 blink frogs
  4 snapping turtles (Shoals:1)
  Sigmund (D:5)
  2 centaur simulacra
  A spriggan (shapeshifter) (D:14)
  4 wyverns
  4 wraiths
  2 water elementals
  A vampire (D:12)
  3 shadows
  2 golden eyes (shapeshifter) (D:14)
  11 basilisks
  62 yaks
  3 vampire mosquitoes (D:12)
  2 steam dragons (D:8)
  3 wargs (Orc:2)
  2 swamp worms (Lair:2)
  39 nagas
  5 hell hounds (Snake:1)
  18 water moccasins
  2 acid dragons
  Duvessa (D:7)
  7 black bears
  31 orc warriors
  A meliai simulacrum (D:14)
  3 necrophages
  A sky beast (D:8)
  8 ogres
  25 wolves
  A phantom (D:8)
  20 centaurs
  7 kobold brigands
  17 bullfrogs
  3 gnoll sergeants (D:11)
  Dowan (D:7)
  A scorpion (D:7)
  A water moccasin zombie (D:4)
  4 wights (D:5)
  10 killer bees
  5 howler monkeys
  2 electric eels (Snake:2)
  A bullfrog zombie (D:5)
  4 centaur zombies
  A hound (D:7)
  Crazy Yiuf (D:7)
  3 jellies (D:8)
  3 bullfrog skeletons
  14 orc priests
  An iguana (D:7)
  2 gnoll shamans
  20 orc wizards
  A hound zombie (D:5)
  2 howler monkey skeletons
  25 gnolls
  5 adders
  A shadow imp (D:8)
  A white imp (D:7)
  4 worms
  2 dart slugs
  71 orcs
  7 ball pythons
  8 bats
  8 endoplasms
  6 giant cockroaches
  10 hobgoblins
  8 jackals
  4 quokkas
  7 frilled lizards
  6 goblins
  12 kobolds
  11 rats
977 creatures vanquished.

Vanquished Creatures (collateral kills)
  A kraken (Shoals:1)
  A yak (Lair:3)
  2 tentacles (Shoals:1)
4 creatures vanquished.

Vanquished Creatures (others)
  2 yaks (Lair:3)
  100 fungi
  154 plants
  6 tentacles (Shoals:1)
262 creatures vanquished.

Grand Total: 1243 creatures vanquished

Notes
Turn   | Place    | Note
-------+----------+-------------------------------------------
     0 | D:1      | Froggeryz the Human Wanderer began the quest for the Orb.
     0 | D:1      | Froggeryz set off with the following items: a +0 hand
                  | crossbow, a +2 scale mail, 22 bolts, a potion of curing
     0 | D:1      | Reached XP level 1. HP: 19/19 MP: 1/1
   270 | D:1      | Reached XP level 2. HP: 23/25 MP: 2/2
   300 | D:1      | Found a faded altar of an unknown god.
   448 | D:1      | Reached skill level 3 in Unarmed Combat
   474 | D:1      | Reached XP level 3. HP: 25/30 MP: 3/3
  1404 | D:2      | You fall into a shaft and drop 2 floors!
  1415 | D:4      | Reached skill level 4 in Unarmed Combat
  1415 | D:4      | Reached XP level 4. HP: 37/37 MP: 4/4
  1420 | D:4      | Identified the +5 buckler of Hedging {rC+}
  1427 | D:4      | Identified the +9 hunting sling "Xuwuutz" {vorpal, rC-
                  | rN++}
  1569 | D:3      | Found Tefut's Book Boutique.
  1986 | D:2      | Reached XP level 5. HP: 40/42 MP: 5/5
  2114 | D:2      | Reached skill level 1 in Shields
  2611 | D:3      | You fall into a shaft and drop 3 floors!
  2681 | D:6      | Noticed a necrophage
  2684 | D:5      | Entered Level 5 of the Dungeon
  2717 | D:4      | Reached skill level 5 in Unarmed Combat
  2940 | D:4      | Reached XP level 6. HP: 47/48 MP: 6/6
  3062 | D:5      | Noticed an ogre
  3088 | D:5      | Killed an ogre
  3092 | D:5      | Noticed a necrophage
  3103 | D:5      | Killed a necrophage
  3104 | D:5      | Reached skill level 6 in Unarmed Combat
  3104 | D:5      | Reached XP level 7. HP: 38/54 MP: 7/7
  3151 | D:5      | Found a staircase to the Ecumenical Temple.
  3161 | Temple   | Entered the Ecumenical Temple
  3525 | D:4      | Found an ancient bone altar of Kikubaaqudgha.
  3906 | D:5      | Reached skill level 7 in Unarmed Combat
  4238 | D:5      | Reached XP level 8. HP: 54/60 MP: 8/8
  4668 | D:5      | Reached skill level 8 in Unarmed Combat
  4813 | D:5      | Noticed a wraith
  4829 | D:5      | Killed a wraith
  5081 | D:5      | Reached skill level 5 in Shields
  5367 | D:6      | Noticed Sigmund
  5506 | D:5      | Reached skill level 9 in Unarmed Combat
  5881 | D:5      | Killed Sigmund
  5882 | D:5      | Reached XP level 9. HP: 64/65 MP: 9/9
  6662 | D:7      | Reached skill level 10 in Unarmed Combat
  7534 | D:7      | Reached XP level 10. HP: 68/71 MP: 10/10
  7545 | D:7      | Reached skill level 11 in Unarmed Combat
  7646 | D:7      | Found Facifimm's Antique Weapon Shop.
  7698 | D:7      | Noticed Duvessa
  7698 | D:7      | Noticed Dowan
  7707 | D:7      | Killed Duvessa
  7715 | D:7      | Killed Dowan
  7866 | D:7      | Found a large runed translucent door.
  7867 | D:7      | Found a large runed translucent door.
  7870 | D:7      | Noticed onwiheg's ghost (novice MfFi)
  7987 | D:7      | Found a runed translucent door.
  7988 | D:7      | Noticed Crazy Yiuf
  7997 | D:7      | Killed Crazy Yiuf
  8674 | D:8      | Found a shadowy altar of Dithmenos.
  8960 | D:8      | Found a blossoming altar of Fedhas.
  9436 | D:8      | Reached skill level 5 in Fighting
  9672 | D:8      | Reached skill level 12 in Unarmed Combat
  9910 | D:8      | Noticed a centaur warrior
  9910 | D:8      | Noticed a cyclops
  9917 | D:8      | Killed a cyclops
  9923 | D:8      | Killed a centaur warrior
  9924 | D:8      | Reached XP level 11. HP: 81/81 MP: 11/11
 10115 | D:8      | Noticed a two-headed ogre
 10382 | D:8      | Noticed a boulder beetle
 10423 | D:8      | Killed a boulder beetle
 10424 | D:8      | Reached skill level 5 in Armour
 10424 | D:8      | Killed a two-headed ogre
 10425 | D:8      | Reached skill level 13 in Unarmed Combat
 10447 | D:8      | Identified the +9 fustibalus of the Blind Eye {flame, rF+
                  | Will++}
 10452 | D:8      | Noticed a manticore
 10469 | D:8      | Killed a manticore
 10959 | D:8      | Identified the ring of Onamp {MP+9 Int+4 Dex-4}
 10970 | D:8      | Noticed a two-headed ogre
 10980 | D:8      | Killed a two-headed ogre
 11168 | D:9      | Noticed a two-headed ogre
 11574 | D:9      | Killed a two-headed ogre
 11575 | D:9      | Reached skill level 1 in Dodging
 12273 | D:10     | Entered Level 10 of the Dungeon
 12316 | D:10     | Found a broken altar of Ashenzari.
 12317 | D:10     | Found an iron altar of Okawaru.
 12381 | D:10     | Became a worshipper of Warmaster Okawaru
 12494 | D:10     | Reached XP level 12. HP: 83/91 MP: 12/12
 12502 | D:10     | Found a staircase to the Lair.
 12557 | D:10     | Reached * piety under Okawaru
 12681 | D:10     | Noticed a two-headed ogre
 12688 | D:10     | Killed a two-headed ogre
 12689 | D:10     | Reached skill level 14 in Unarmed Combat
 12783 | D:10     | Noticed a two-headed ogre
 12792 | D:10     | Killed a two-headed ogre
 12792 | D:10     | Reached ** piety under Okawaru
 12911 | D:10     | Identified a scroll of acquirement
 12912 | D:10     | Acquired 1087 gold pieces
 13012 | D:10     | Found a hazy altar of Hepliaklqana.
 13012 | D:10     | Noticed a skeletal warrior
 13037 | D:10     | Killed a skeletal warrior
 13158 | D:10     | Found a faded altar of an unknown god.
 13376 | Lair:1   | Entered Level 1 of the Lair of Beasts
 13985 | Lair:1   | Reached *** piety under Okawaru
 14604 | Lair:2   | Reached skill level 5 in Dodging
 14886 | Lair:2   | Reached skill level 15 in Unarmed Combat
 15246 | Lair:2   | Reached XP level 13. HP: 79/101 MP: 13/13
 15539 | Lair:2   | Reached **** piety under Okawaru
 15731 | Lair:2   | Found a runed translucent door.
 15731 | Lair:2   | Found a shimmering altar of Xom.
 15731 | Lair:2   | Noticed Ymeruj's ghost (journeyman MiBe)
 15767 | Lair:2   | Found a staircase to the Shoals.
 16171 | Lair:2   | Noticed a boulder beetle
 16214 | Lair:2   | Killed a boulder beetle
 16595 | Lair:3   | Reached ***** piety under Okawaru
 16602 | Lair:3   | Received a gift from Okawaru
 16756 | Lair:3   | Found a staircase to the Snake Pit.
 17134 | Lair:3   | Noticed a six-headed hydra
 17142 | Lair:3   | Killed a six-headed hydra
 17143 | Lair:3   | Reached skill level 10 in Fighting
 17195 | Lair:3   | Noticed a four-headed hydra
 17212 | Lair:3   | Killed a four-headed hydra
 17223 | Lair:3   | Reached skill level 16 in Unarmed Combat
 18029 | Lair:4   | Identified the +1 plate armour of the Guilds {rCorr Dex+4}
                  | (Okawaru gifted it to you on level 4 of the Lair of Beasts)
 18029 | Lair:4   | Received a gift from Okawaru
 18292 | Lair:4   | Reached XP level 14. HP: 109/111 MP: 14/14
 18354 | Lair:4   | Reached skill level 1 in Invocations
 19277 | Lair:4   | Reached skill level 17 in Unarmed Combat
 20421 | Lair:5   | Found a staircase to the Slime Pits.
 20421 | Lair:5   | Found a viscous altar of Jiyva.
 20863 | Lair:5   | Reached skill level 5 in Invocations
 20969 | Lair:5   | Found a large runed translucent door.
 20971 | Lair:5   | Found a large runed translucent door.
 20979 | Lair:5   | Identified the +0 ring mail of Vutaerghy {rN+} (Okawaru
                  | gifted it to you on level 5 of the Lair of Beasts)
 20979 | Lair:5   | Received a gift from Okawaru
 21702 | Lair:5   | Noticed Ziklum's ghost (journeyman HaBe)
 21822 | Lair:5   | Identified Duimacw's Compendium of Evil Feathers
 22362 | Lair:6   | Entered Level 6 of the Lair of Beasts
 22438 | Lair:5   | Reached XP level 15. HP: 96/119 MP: 18/18
 22752 | Lair:6   | HP: 4/120 [komodo dragon (18)]
 23551 | Lair:6   | Reached skill level 18 in Unarmed Combat
 24017 | Lair:6   | Reached ****** piety under Okawaru
 24530 | Lair:6   | Reached skill level 5 in Throwing
 24674 | Lair:6   | Identified The Foundations of Secret Knowledge
 24690 | Lair:6   | Acquired 526 gold pieces
 24899 | Lair:6   | Received a gift from Okawaru
 25757 | D:11     | Found a staircase to the Orcish Mines.
 26031 | D:11     | Noticed Urug
 26038 | D:11     | Killed Urug
 26391 | D:11     | Found Zin's Purification Station.
 26391 | D:11     | Found a glowing silver altar of Zin.
 27125 | D:12     | Received a gift from Okawaru
 27131 | D:12     | Reached XP level 16. HP: 120/129 MP: 19/19
 27796 | D:12     | Noticed Rupert
 27813 | D:12     | Killed Rupert
 28029 | D:12     | Reached skill level 19 in Unarmed Combat
 28502 | D:12     | Noticed a tengu reaver
 28502 | D:12     | Noticed a storm dragon
 28925 | D:12     | Identified the +10 scimitar of Paper {holy, Fly Will+}
 28927 | D:12     | Noticed a storm dragon
 29164 | D:12     | Killed a storm dragon
 29966 | Orc:1    | Entered Level 1 of the Orcish Mines
 30739 | Orc:1    | Noticed Sonja
 30745 | Orc:1    | Killed Sonja
 30907 | Orc:2    | Entered Level 2 of the Orcish Mines
 30915 | Orc:2    | Found a burning altar of Makhleb.
 30988 | Orc:2    | Found a staircase to the Elven Halls.
 31015 | Orc:2    | Noticed Nessos
 31051 | Orc:2    | Killed Nessos
 31344 | Orc:1    | Identified the +1 pair of boots "Biggegye" {Str+4 Int+3}
                  | (Okawaru gifted it to you on level 1 of the Orcish Mines)
 31344 | Orc:1    | Received a gift from Okawaru
 31833 | Orc:2    | Paralysed by an orc sorcerer for 2 turns
 31976 | Orc:2    | Found Leziom's Antique Armour Shop.
 32012 | Orc:2    | Bought a pitted cloak for 161 gold pieces
 32012 | Orc:2    | Identified the +2 cloak of Circular Logic {Will+ Str+4
                  | Dex+7} (You bought it in a shop on level 2 of the Orcish
                  | Mines)
 32034 | Orc:2    | Bought a pair of glowing gloves for 127 gold pieces
 32199 | Orc:2    | Found Ceura's Jewellery Shop.
 32276 | Orc:2    | Found Wyim's Antique Weapon Shop.
 32292 | Orc:2    | Found Ijelodgh's General Store.
 32299 | Orc:2    | Bought a potion of heal wounds for 75 gold pieces
 32299 | Orc:2    | Bought a potion of heal wounds for 75 gold pieces
 32299 | Orc:2    | Bought a scroll of enchant armour for 112 gold pieces
 32677 | D:13     | Noticed Erolcha
 32702 | D:13     | Killed Erolcha
 32799 | D:13     | Noticed Jorgrun
 32833 | D:13     | Killed Jorgrun
 32834 | D:13     | Reached skill level 20 in Unarmed Combat
 32834 | D:13     | Reached XP level 17. HP: 26/138 MP: 20/20
 33033 | D:13     | You fall into a shaft and drop 2 floors!
 33033 | D:15     | Entered Level 15 of the Dungeon
 33039 | D:15     | Identified Roxanne's Guide on Clay
 33039 | D:15     | Noticed Roxanne
 33816 | D:14     | Identified the +3 shortbow "Didisus" {venom, rPois rC-
                  | Int+4} (Okawaru gifted it to you on level 14 of the
                  | Dungeon)
 33816 | D:14     | Received a gift from Okawaru
 34055 | D:14     | Noticed Snorg
 34132 | D:14     | Killed Snorg
 34688 | D:14     | Found a gate to the Vaults.
 34953 | Snake:1  | Entered Level 1 of the Snake Pit
 35038 | Snake:1  | Noticed Azrael
 35057 | Snake:1  | Killed Azrael
 35095 | Snake:1  | Found Goshisid's Weapon Boutique.
 35103 | Snake:1  | Found Zicwuluo's General Store.
 35110 | Snake:1  | Bought a ring of poison resistance for 220 gold pieces
 35110 | Snake:1  | Bought a scroll of blinking for 82 gold pieces
 35110 | Snake:1  | Bought a condenser vane for 440 gold pieces
 35338 | Snake:1  | Noticed Asterion
 35346 | Snake:1  | Noticed an Executioner
 35348 | Snake:1  | Killed Asterion
 35348 | Snake:1  | Received a gift from Okawaru
 35450 | Snake:1  | Received a gift from Okawaru
 36438 | Snake:2  | Reached skill level 21 in Unarmed Combat
 36448 | Snake:2  | Reached XP level 18. HP: 125/147 MP: 21/21
 36975 | Snake:2  | Identified the +0 scale mail of the Soldier {+Blink rC+}
 37894 | Snake:3  | Received a gift from Okawaru
 38333 | Snake:3  | Reached skill level 15 in Fighting
 38333 | Snake:3  | Reached skill level 10 in Shields
 38677 | Snake:3  | Noticed Aizul
 38701 | Snake:3  | Killed Aizul
 39083 | Snake:3  | Found a blossoming altar of Fedhas.
 39243 | Snake:4  | Entered Level 4 of the Snake Pit
 39650 | Snake:4  | Identified the +10 hunting sling of Fundamental Breach
                  | {flame, Will++ Dex+3} (Okawaru gifted it to you on level 4
                  | of the Snake Pit)
 39650 | Snake:4  | Received a gift from Okawaru
 39719 | Snake:4  | Noticed Mara
 39918 | Shoals:1 | Entered Level 1 of the Shoals
 39918 | Shoals:1 | Found Zoufalew's Assorted Antiques.
 39944 | Shoals:1 | Bought a potion of might for 128 gold pieces
 39944 | Shoals:1 | Bought a wand of acid (7) for 256 gold pieces
 39944 | Shoals:1 | Bought a wand of digging (4) for 256 gold pieces
 39944 | Shoals:1 | Bought a scroll of summoning for 304 gold pieces
 40015 | Shoals:1 | Noticed a kraken
 40023 | Shoals:1 | Killed a kraken
 40024 | Shoals:1 | Reached XP level 19. HP: 81/155 MP: 22/22
 40230 | Shoals:1 | Reached skill level 22 in Unarmed Combat
 40270 | Shoals:1 | Identified the +2 helmet of the Morning Star {Harm rElec
                  | Str+3 Dex-3}
 41335 | Shoals:2 | Received a gift from Okawaru
 41704 | Shoals:3 | Noticed Ilsuiw
 41733 | Shoals:3 | HP: 6/157 [drowned by a water elemental[Ilsuiw] (5)]
 41733 | Shoals:3 | Slain by a merfolk

Illustrated notes

Levels and vault maps discovered:
D:1:      giann_wishing_wells, layout_loops_ring,
          shapermc_ecumenical_altar_mp_ritualfount,
          chequers_serial_rivers_room_a, minmay_misc_feat_enclosed,
          minmay_lizard_pond
D:2:      layout_rooms, serial_park_tiny_2
D:3:      layout_loops_cross, serial_shops, shop
D:4:      layout_basic, lemuel_doored_altar
D:5:      layout_basic, minmay_temple_entry_glassed_door, portal_sewer_entry_b,
          st_stairs_12
D:6:      layout_cave_pools, hangedman_abyss_or_decor_stabs,
          grunt_decor_arrowhead, hellmonk_bongcloud_opening, sigmund_army
D:7:      layout_loops_cross, serial_shops, shop, ebering_ghost_disaster_area,
          uniq_duvessa, uniq_crazy_yiuf_cottage
D:8:      minmay_the_grid_octo_tiled_squarecenter [minmay_the_grid_octo_focus,
          minmay_the_grid_octo_teeth, minmay_the_grid_octo_odd_swirl,
          minmay_the_grid_octo_fan_narrow,
          minmay_the_grid_square_5x5_megaprize_checkered,
          minmay_the_grid_square_5x5_intrusive_squares,
          minmay_the_grid_square_5x5_comb, minmay_the_grid_square_5x5_corner,
          minmay_the_grid_square_5x5_two_walls_b], layout_rooms,
          grunt_dithmenos_shadows, fedhas_bush_and_centaur_altar
D:9:      layout_long_grid
D:10:     layout_roguey, beargit_hepliaklqana_dungeon_heroes,
          gammafunk_temple_overflow_statue, due_lair_maze_entry_diamond
D:11:     layout_roguey, kennysheep_orc_monster_closet_entryway,
          minmay_misc_feat_pillars, zin_purify, uniq_urug
D:12:     minmay_tile_spiral, layout_basic, uniq_rupert
D:13:     layout_cave_pools, uniq_erolcha, uniq_jorgrun
D:14:     layout_stronghold, david_vaults_4, hex_large, uniq_snorg
D:15:     hangedman_depths_entry_try_elsewhere_first, layout_basic,
          nicolae_sextant, st_stairs_10, uniq_roxanne
Temple:   nicolae_temple_elliptical
Lair:1:   layout_long_grid, grunt_megastairs_2
Lair:2:   layout_hall_layers, elwin_shoals_entry_stream, ebering_ghost_xom,
          worms_lemuel
Lair:3:   layout_roguey, guppyfry_snake_entry_island, serial_bayou_shore_b
Lair:4:   layout_regular_city, st_stairs_7, chequers_serial_rivers_room_a,
          hibernation_bobbens, lemuel_fruit_tree
Lair:5:   layout_roguey, slime_altar_1, ebering_ghost_disaster_area,
          kennysheep_basilisk_garden
Lair:6:   grunt_lair_end_beastmaster, layout_small_grid,
          nicolae_volcano_entry_two_sided
Shoals:1: layout_shoals, serial_shops, shop, nicolae_shoals_this_corrosion
Shoals:2: layout_shoals
Shoals:3: layout_shoals, portal_ice_cave_entry_pillars_three,
          lemuel_altar_in_water, uniq_ilsuiw, uniq_polyphemus
Snake:1:  layout_gridlike, minmay_shoptagon, uniq_azrael, uniq_asterion
Snake:2:  layout_basic, st_stairs_12, serial_bayou_shore_a, grunt_megastairs_5
Snake:3:  layout_cave_shapes, basic_altar, uniq_aizul
Snake:4:  snake_pit, layout_onion_interference, nrook_loot_triangle, uniq_mara
Orc:1:    layout_caves, uniq_sonja
Orc:2:    grunt_orc_cross, layout_caves, basic_altar, bloody_makhleb,
          uniq_nessos

Skill      XL: |  1  2  3  4  5  6  7  8  9 10 11 12 13 14 15 16 17 18 19 |
---------------+----------------------------------------------------------+-----
Unarmed Combat | 3 4 5 6 7 9 10 12 13 15 16 17 18 20 21 22 | 22.0
Shields        | 1 2 3 5 7 9 10 11 | 11.2
Armour         | 4 6 7 |  7.0
Fighting       | 5 7 9 10 11 12 13 14 15 | 15.7
Dodging        | 2 5 7 |  7.4
Invocations    | 5 |  5.0
Throwing       | 2 6 7 |  7.0
Evocations     | |  1.0

Action                   |  1- 3 |  4- 6 |  7- 9 | 10-12 | 13-15 | 16-18 | 19-21 || total
-------------------------+-------+-------+-------+-------+-------+-------+-------++-------
Melee: Unarmed           |   178 |   197 |   326 |   745 |  1357 |  1753 |   186 ||  4742
       Punch             |     2 |     3 |       |       |       |       |       ||     5
Throw: Boomerang         |       |       |       |     3 |       |       |       ||     3
       Dart              |       |       |       |     2 |     2 |       |       ||     4
       Javelin           |       |       |       |       |       |     5 |       ||     5
Invok: Heroism           |       |       |       |     2 |     2 |     3 |       ||     7
Evoke: Wand              |       |       |       |     7 |     6 |     8 |       ||    21
       Phantom mirror    |       |       |       |       |       |     2 |       ||     2
       Condenser vane    |       |       |       |       |       |     1 |       ||     1
  Use: Scroll            |       |     8 |     2 |     8 |     5 |    12 |       ||    35
       Potion            |       |     4 |       |     4 |     3 |     5 |     4 ||    20
 Stab: Invisible         |       |     4 |       |       |       |       |       ||     4
       Petrified         |       |       |       |       |     5 |       |       ||     5
       Paralysed         |       |       |       |       |       |     2 |       ||     2
       Distracted        |       |       |       |       |       |     1 |       ||     1
Armor: Scale mail        |   112 |    99 |   132 |   217 |    85 |       |       ||   645
       Plate armour      |       |       |       |       |   414 |   626 |    79 ||  1119
Dodge: Dodged            |    78 |    90 |   123 |   265 |   513 |   669 |    64 ||  1802
Block: Buckler           |       |       |   171 |   363 |   597 |   861 |   109 ||  2101

Table legend: (Time is in decaauts)
 A = Elapsed time spent in this place.
 B = Non-inter-level travel time spent in this place.
 C = Inter-level travel time spent in this place.
 D = Time resting spent in this place.
 E = Time spent auto-exploring this place.
 F = Levels seen in this place.
 G = Mean time per level.
                   A        B        C        D        E       F      G
               +--------+--------+--------+--------+--------+-----+--------+
         Total |  40452 |  38971 |   1481 |  10849 |  20471 |  31 | 1304.9 |
       Dungeon |  19557 |  18830 |    727 |   5768 |   9338 |  15 | 1303.8 |
        Temple |    105 |    105 |      0 |      0 |      0 |   1 |  105.0 |
          Lair |  12013 |  11590 |    423 |   3740 |   5984 |   6 | 2002.2 |
        Shoals |   1728 |   1687 |     41 |     68 |   1299 |   3 |  576.0 |
     Snake Pit |   4611 |   4397 |    214 |    749 |   2584 |   4 | 1152.8 |
  Orcish Mines |   2436 |   2362 |     74 |    523 |   1265 |   2 | 1218.0 |
               +--------+--------+--------+--------+--------+-----+--------+

Top non-repeatable levels by time:
    D:12: 2991 daAuts
     D:8: 2957 daAuts
  Lair:5: 2733 daAuts
  Lair:6: 2292 daAuts
  Lair:4: 2267 daAuts
     D:5: 1956 daAuts
 Snake:2: 1810 daAuts
  Lair:2: 1644 daAuts
  Lair:1: 1568 daAuts
  Lair:3: 1506 daAuts
    D:11: 1463 daAuts
     D:6: 1380 daAuts
 Snake:3: 1365 daAuts
     D:7: 1359 daAuts
   Orc:1: 1256 daAuts
